 Dungeon Crawl Stone Soup version 0.28-a0-793-g31680bbd8b (webtiles) character file.

Game seed: 12320726052099214398

107 Lemonice the Digger (level 4, -1/27 HPs)
             Began as an Octopode Earth Elementalist on Nov 5, 2021.
             Slain by a scorpion (10 damage)
             ... on level 3 of the Dungeon.
             The game lasted 00:05:06 (2747 turns).

Lemonice the Digger (Octopode Earth Elementalist)   Turns: 2747, Time: 00:05:07

Health: -1/27      AC:  1    Str:  8    XL:     4   Next: 85%
Magic:  1/7        EV: 13    Int: 17    God:
Gold:   97         SH:  4    Dex: 12    Spells: 6/7 levels left

rFire   . . .      SeeInvis .   d - +0 dagger
rCold   . . .      Faith    .   e - +0 buckler
rNeg    . . .      Spirit   .   (helmet restricted)
rPois   .          Reflect  .   (no amulet)
rElec   .          Harm     .   a - ring of willpower
rCorr   .          Rampage  .   (no ring)
Will    +....                   (no ring)
Stlth   +++.......              (no ring)
HPRegen 0.09/turn               (no ring)
MPRegen 0.10/turn               (no ring)
                                (no ring)
                                (no ring)

@: no status effects
A: almost no armour, amphibious, 8 rings, camouflage 1, gelatinous body 1,
(nimble swimmer 1), tentacles
a: no special abilities


You were on level 3 of the Dungeon.
You visited 1 branch of the dungeon, and saw 3 of its levels.

You collected 97 gold pieces.

Inventory:

Hand Weapons
 d - a +0 dagger (weapon)
Missiles
 b - 124 stones
Armour
 e - a +0 buckler (worn)
Jewellery
 a - a ring of willpower (left tentacle)
Scrolls
 c - a scroll of amnesia {unknown}
 h - a scroll of identify {unknown}
 j - a scroll of brand weapon {unknown}
 l - a scroll of noise {unknown}
Potions
 f - a potion of magic {unknown}
 i - 3 potions of mutation {unknown}
 k - 2 potions of haste {unknown}


   Skills:
 - Level 0.5 Fighting
 + Level 2.7 Short Blades
 - Level 2.0 Dodging
 - Level 2.8 Stealth
 + Level 2.8 Shields
 - Level 2.0 Spellcasting
 - Level 1.0 Transmutations
 - Level 3.0 Earth Magic


You had 6 spell levels left.
You knew the following spells:

 Your Spells              Type           Power      Damage    Failure   Level
a - Sandblast             Erth           22%        2d7       6%          1

Your spell library contained the following spells:

 Spells                   Type           Power      Damage    Failure   Level
 Passwall                 Tmut/Erth      6%         N/A       14%         2
 Stone Arrow              Conj/Erth      12%        3d7       34%         3
 Petrify                  Tmut/Erth      8%         N/A       67%         4
 Lee's Rapid Deconstruct  Erth           5%         3d7*      87%         5
 Fulminant Prism          Conj/Hex       0%         3d6       91%         4
 Iskenderun's Mystic Bla  Conj/Tloc      1%         2d3       91%         4


Dungeon Overview and Level Annotations

Branches:
Dungeon (3/15)

Altars:


Innate Abilities, Weirdness & Mutations

You cannot wear most types of armour.
You are amphibious.
You can wear up to eight rings at the same time.
Your skin changes colour to match your surroundings (Stealth+).
Your rubbery body absorbs attacks. (AC +1, EV +1)
((You are camouflaged near water. (Stealth+)))
You have tentacles for arms and can constrict up to eight enemies at once.


Message History

Aiming: Sandblast (safe; 6% risk of failure)
Press: ? - help, Shift-Dir - straight line, f/p - scorpion
Aim: a scorpion (moderately wounded, constricted by you, 100% to hit)
The blast of sand hits the scorpion but does no damage.
The scorpion is moderately wounded.
You constrict the scorpion, but do no damage.
You block the scorpion's attack. The scorpion barely misses you.
You hit the scorpion.
The scorpion is moderately wounded.
You constrict the scorpion. The scorpion stings you!
You are lethally poisoned!
The scorpion poisons you!
You hit the scorpion but do no damage.
You squeeze the scorpion, but do no damage.
The scorpion is moderately wounded.
You constrict the scorpion.
* * * LOW HITPOINT WARNING * * *
You feel very sick. You block the scorpion's attack.
You hit the scorpion but do no damage.
The scorpion is heavily wounded.
You constrict the scorpion.
* * * LOW HITPOINT WARNING * * *
You feel sick. The scorpion misses you.
Your magical contamination has completely faded away.
You feel better.
You constrict the scorpion, but do no damage.
The scorpion stings you!
* * * LOW HITPOINT WARNING * * *
You hit the scorpion but do no damage. You squeeze the scorpion.
The scorpion is severely wounded.
You constrict the scorpion. The scorpion stings you!
* * * LOW HITPOINT WARNING * * *
You are lethally poisoned!
The scorpion poisons you!
You feel better.
You constrict the scorpion. The scorpion barely misses you. x2
You hit the scorpion but do no damage.
The scorpion is almost dead.
You constrict the scorpion. The scorpion stings you!
You die...

###
#.###############
#...............#
#.#############.#
#.# #.# #@# #.#
#s# #.# ..# #.#
...# #####.#
....#
#######.....##
####..
............(.
### ###..
.).........###
#.. ..#..
...........##.
#.# #.#
..............


You could see a scorpion.

Vanquished Creatures
  7 adders
  A worm (D:2)
  A dart slug (D:2)
  4 ball pythons (D:2)
  3 giant cockroaches
  2 goblins
  4 hobgoblins
  3 quokkas (D:2)
  4 bats
  8 frilled lizards
  4 kobolds
  3 rats (D:2)
44 creatures vanquished.

Notes
Turn   | Place    | Note
-------+----------+-------------------------------------------
     0 | D:1      | Lemonice the Octopode Earth Elementalist began the quest
                  | for the Orb.
     0 | D:1      | Reached XP level 1. HP: 11/11 MP: 3/3
   522 | D:1      | Reached XP level 2. HP: 18/18 MP: 5/5
   993 | D:2      | Reached skill level 1 in Short Blades
   993 | D:2      | Reached skill level 1 in Shields
  1102 | D:2      | Reached XP level 3. HP: 10/22 MP: 6/6
  1933 | D:2      | Reached XP level 4. HP: 25/27 MP: 7/7
  2478 | D:3      | Found a faded altar of an unknown god.
  2731 | D:3      | Noticed a scorpion
  2745 | D:3      | HP: 1/27 [scorpion (7)]
  2747 | D:3      | Slain by a scorpion

Illustrated notes

Levels and vault maps discovered:
D:1:      psy_arrival_whirlpool, layout_basic, minmay_lizard_king
D:2:      layout_rooms
D:3:      layout_basic, jmf_multi_god_temple,
          hellmonk_ecumenical_altar_heavens_door

Skill      XL: |  1  2  3 |
---------------+----------+-----
Short Blades   | 1 2 |  2.7
Shields        | 1 2 |  2.8
Fighting       | |  0.5
Dodging        | |  2.0
Stealth        | |  2.8
Spellcasting   | |  2.0
Transmutations | |  1.0
Earth Magic    | |  3.0

Action                   |  1- 3 |  4- 6 || total
-------------------------+-------+-------++-------
Melee: Unarmed           |    12 |       ||    12
       Dagger            |    66 |    49 ||   115
       Constrict         |    15 |     8 ||    23
       Tentacles         |    11 |     6 ||    17
 Cast: Sandblast         |       |     6 ||     6
  Use: Potion            |       |     2 ||     2
 Stab: Sleeping          |     8 |     5 ||    13
Armor: Skin              |     4 |     5 ||     9
Dodge: Dodged            |    30 |    27 ||    57
Block: Buckler           |     4 |    11 ||    15

Table legend: (Time is in decaauts)
 A = Elapsed time spent in this place.
 B = Non-inter-level travel time spent in this place.
 C = Inter-level travel time spent in this place.
 D = Time resting spent in this place.
 E = Time spent auto-exploring this place.
 F = Levels seen in this place.
 G = Mean time per level.
                   A        B        C        D        E       F      G
               +--------+--------+--------+--------+--------+-----+--------+
         Total |   2741 |   2702 |     39 |      0 |   2262 |   3 |  913.7 |
       Dungeon |   2741 |   2702 |     39 |      0 |   2262 |   3 |  913.7 |
               +--------+--------+--------+--------+--------+-----+--------+

Top non-repeatable levels by time:
     D:2: 1220 daAuts
     D:1: 984 daAuts
     D:3: 535 daAuts
